cohdb
Replays
Latest Replays
All Replays
Popular Replays
Top Player Replays
Match Explorer
How It Works
Community
CoH3 Stats
Reddit
Sign in to upload your games and track your stats! →
Sign in with Steam
Match 45396308
Unlisted
Match 45396308
Overview
Messages
Build Orders
End
Selects Italian Combined Arms Battlegroup
Selects Bersaglieri Squad
Bersaglieri Squad
250 Light Carrier
Panzergrenadier Squad
Construct Light Support Kompanie
Panzerjäger Squad
Panzergrenadier Squad
Fire Support Elements
Panzerjäger Squad
Flakvierling Half-track
Panzerjäger Squad
Panzergrenadier Squad
Panzerjäger Squad
2.5-tonne Medical Truck
MG34 Team
Selects Bersaglieri Bolster
Selects Breda Model 30 Light Machine Guns
Selects Semovente da 75/18 Assault Gun
Selects Strafing Run
Strafing Run
Selects Artillery Cover
2.5-tonne Medical Truck
Construct Mechanized Kompanie
Panzergrenadier Squad
Marder III Tank Destroyer
Rengar
dbexjai
YipYip
✠ Eurocopter Tiger ✠
MZMZ
Field marshal Prince
dad81ace
BLACK.DRAGON
0
0
Comments
sign in to comment!
No comments posted yet!